 Dungeon Crawl Stone Soup version 0.16.1-30-g34a7ffa (webtiles) character file.

217 theElss the Conjurer (level 5, -1/28 HPs)
             Began as a Deep Elf Conjurer on June 26, 2015.
             Killed from afar by an orc wizard (13 damage)
             ... with a puff of flame
             ... on level 3 of the Dungeon.
             The game lasted 00:09:55 (2963 turns).

theElss the Conjurer (Deep Elf Conjurer)            Turns: 2963, Time: 00:09:55

Health: -1/28      AC:  3    Str:  5    XL:     5   Next: 62%
Magic:  11/19      EV: 13    Int: 21    God:
Gold:   81         SH:  0    Dex: 15    Spells: 3 memorised, 6 levels left

rFire  . . .     SeeInvis .     (no weapon)
rCold  . . .     Clarity  .     a - +0 robe
rNeg   . . .     SustAb   .     (no shield)
rPois  .         Gourm    .     (no helmet)
rElec  .         Spirit   .     (no cloak)
rCorr  .         Warding  .     j - +0 pair of gloves
rMut   .         Stasis   .     (no boots)
MR     .....                    (no amulet)
Stlth  ++........               (no ring)
                                k - ring of flight

@: not resistant to hostile enchantments, unstealthy
A: no striking features
a: Evoke Flight


You were on level 3 of the Dungeon.
You were not hungry.

You visited 1 branch of the dungeon, and saw 3 of its levels.

You collected 81 gold pieces.

Inventory:

Armour
 a - a +0 robe (worn)
 j - a +0 pair of gloves (worn)
Jewellery
 g - an uncursed ring of poison resistance {unknown}
 i - an uncursed ring of protection from fire {unknown}
 k - a ring of flight (left hand)
 m - an uncursed ring of stealth {unknown}
 o - a cursed ring of teleportation {unknown}
 v - a +5 ring of slaying {unknown}
Magical devices
 u - a wand of frost (33)
Scrolls
 d - a scroll of blinking {unknown}
 h - a scroll of remove curse {unknown}
 n - 2 scrolls of enchant armour {unknown}
 t - a scroll of identify {unknown}
 y - a scroll of fog {unknown}
 C - a scroll of recharging {unknown}
Potions
 e - 3 potions of haste {unknown}
 f - a potion of curing {unknown}
 p - a potion of heal wounds {unknown}
 q - 3 potions of agility {unknown}
 r - a potion of magic {unknown}
 x - a potion of might {unknown}
 z - a potion of berserk rage {unknown}
 A - a potion of poison {unknown}
 B - a potion of brilliance {unknown}
Books
 c - a book of Conjurations

   Spells                             Type                      Level
   a - Magic Dart                     Conjuration                  1
   b - Searing Ray                    Conjuration                  2
   c - Dazzling Spray                 Conjuration/Hexes            3
   d - Fulminant Prism                Conjuration/Hexes            4
   e - Iskenderun's Mystic Blast      Conjuration                  4
   f - Iskenderun's Battlesphere      Conjuration/Charms           5
Comestibles
 b - 3 bread rations
 l - a royal jelly
 s - 2 chunks of flesh
 w - a meat ration


   Skills:
 - Level 2.4 Dodging
 - Level 2.4 Stealth
 + Level 5.1 Spellcasting
 + Level 6.7 Conjurations


You had 6 spell levels left.
You knew the following spells:

 Your Spells              Type           Power        Failure   Level  Hunger
a - Magic Dart            Conj           ####         1%          1    None
b - Iskenderun's Battles  Conj/Chrm      ###.....     78%         5    #####..
c - Searing Ray           Conj           ####..       1%          2    None


Dungeon Overview and Level Annotations

Branches:
Dungeon (3/15)

Altars:
Trog


Message History

The orc barely misses you.
The searing ray hits the orc.
You kill the orc!
The searing ray hits the kobold.
You kill the kobold!
The searing ray hits something.
Casting: Searing Ray
Confirm with . or Enter, or press ? or * to list all spells.
Aiming: Searing Ray
Press: ? - help, Shift-Dir - straight line The searing ray hits something.
You hear some strange, mumbled words.
A puff of flame appears from out of thin air!
The puff of flame misses you.
You hear some strange, mumbled words.
The puff of frost hits you!
You hear some strange, mumbled words.
A puff of flame appears from out of thin air!
The puff of flame hits you!
You die...

###.### #######.####
#..........#
#..........#
#..........#
#..........##
#...........###
########..............
#...)@........<.......
#.######..........###.
#.# ########.### ##
#K# ######.# #.#
#......#
#o..o...[#......##
#....K.o.#.......# #
#....o.oG#.......# #
###.8...##.......# ##


There were no monsters in sight!

Vanquished Creatures
  Jessica (D:2)
  8 gnolls (D:3)
  2 adders
  A giant mite (D:2)
  4 worms (D:3)
  3 giant geckos
  2 oozes (D:1)
  3 orcs (D:3)
  2 giant cockroaches
  9 goblins
  6 hobgoblins
  4 jackals (D:3)
  10 kobolds
  A ball python (D:2)
  10 bats
  2 giant newts
  A quokka (D:3)
  5 rats
74 creatures vanquished.

Notes
Turn   | Place    | Note
--------------------------------------------------------------
     0 | D:1      | theElss, the Deep Elf Conjurer, began the quest for the Orb.
     0 | D:1      | Reached XP level 1. HP: 10/10 MP: 5/5
   245 | D:1      | Reached XP level 2. HP: 15/15 MP: 6/8
   249 | D:1      | Learned a level 2 spell: Searing Ray
   464 | D:1      | Reached skill level 5 in Conjurations
   897 | D:1      | Reached XP level 3. HP: 19/19 MP: 9/11
  1624 | D:2      | Noticed Jessica
  1627 | D:2      | Killed Jessica
  1627 | D:2      | Reached XP level 4. HP: 17/24 MP: 10/14
  2070 | D:3      | Reached skill level 6 in Conjurations
  2305 | D:3      | Reached XP level 5. HP: 28/28 MP: 2/18
  2312 | D:3      | Learned a level 5 spell: Iskenderun's Battlesphere
  2579 | D:3      | Reached skill level 5 in Spellcasting
  2946 | D:3      | Found a bloodstained altar of Trog.
  2946 | D:3      | Noticed an eye of draining
  2963 | D:3      | Killed from afar by an orc wizard

Action                   |  1- 3 |  4- 6 || total
-------------------------+-------+-------++-------
 Cast: Magic Dart        |    70 |    54 ||   124
       Searing Ray       |     1 |    12 ||    13
  Eat: Chunk             |     2 |     4 ||     6
